A
WYMORE CHINOOKS @ HIGGINSVILLE BRAWLERS
09/15/2023
 
TOP OF THE 1ST
Wymore Chinooks batting - Pitching for Higginsville Brawlers : RHP Jean Pinto
Pitching: RHP Jean Pinto
Batting: RHB Thomas Saggese 0-0: Foul Ball, location: 2F
0-1: Foul Ball, location: 2F
0-2: Ball
1-2: SINGLE (Flyball, 89S, EV 98.8 MPH)
Batting: SHB Ian Lewis 0-0: Fly out, F5 (Popup, 5SF, EV 63.8 MPH)
Batting: LHB Cooper Kinney 0-0: Ball
1-0: Ball
2-0: Ball
3-0: Base on Balls
Thomas Saggese to second
Batting: LHB Nick Schnell 0-0: Called Strike
0-1: Ball
1-1: Fly out, F8 (Flyball, 8RM, EV 87.5 MPH)
Batting: RHB Eduardo Garcia 0-0: Ball
1-0: Ball
2-0: Called Strike
2-1: Ground out 4-3 (Groundball, 4S, EV 75.0 MPH)
Top of the 1st over - 0 runs, 1 hit, 0 errors, 2 left on base; Wymore 0 - Higginsville 0
BOTTOM OF THE 1ST
Higginsville Brawlers batting - Pitching for Wymore Chinooks : RHP Logan Hofmann
Pitching: RHP Logan Hofmann
Batting: RHB Jimmy Glowenke 0-0: Swinging Strike
0-1: Ball
1-1: Ball
2-1: Ball
3-1: Fly out, F7 (Line Drive, 7S, EV 90.6 MPH)
Batting: RHB Kendall Simmons 0-0: Ball
1-0: Fly out, F8 (Flyball, 89D, EV 95.6 MPH)
Batting: RHB Tanner Schobel 0-0: Ball
1-0: Called Strike
1-1: Ground out 6-3 (Groundball, 6S, EV 71.9 MPH)
Bottom of the 1st over - 0 runs, 0 hits, 0 errors, 0 left on base; Wymore 0 - Higginsville 0
TOP OF THE 2ND
Wymore Chinooks batting - Pitching for Higginsville Brawlers : RHP Jean Pinto
Batting: LHB Tyler Callihan 0-0: Swinging Strike
0-1: Ball
1-1: Ground out 4-3 (Groundball, 4S, EV 76.9 MPH)
Batting: SHB Tanner Dodson 0-0: Foul Ball, location: 2F
0-1: Ball
1-1: Swinging Strike
1-2: Ground out 6-3 (Groundball, 6, EV 103.8 MPH)
Batting: RHB Kingston Liniak 0-0: Ball
1-0: Ball
2-0: Called Strike
2-1: Fly out, F9 (Flyball, 89S, EV 89.4 MPH)
Top of the 2nd over - 0 runs, 0 hits, 0 errors, 0 left on base; Wymore 0 - Higginsville 0
BOTTOM OF THE 2ND
Higginsville Brawlers batting - Pitching for Wymore Chinooks : RHP Logan Hofmann
Batting: LHB Dalton Rushing 0-0: Foul Ball, location: 2F
0-1: SINGLE (Groundball, 5D, EV 98.8 MPH)
Batting: RHB Nicholas Northcut 0-0: Ball
1-0: Called Strike
1-1: Called Strike
1-2: Strikes out looking
Batting: RHB Cade Horton 0-0: Foul Ball, location: 2F
0-1: Ball
1-1: Swinging Strike
1-2: Strikes out swinging
Batting: RHB Jacob Buchberger 0-0: Ball
1-0: Foul Ball, location: 2F
1-1: Ball
2-1: Ball
3-1: Foul Ball, location: 2F
3-2: SINGLE (Flyball, 8RS, EV 89.4 MPH)
Dalton Rushing to second
Dalton Rushing to third
Batting: RHB Rothaikeg Seijas 0-0: Ball
1-0: Foul Ball, location: 2F
1-1: Ball
2-1: Swinging Strike
2-2: Foul Ball, location: 2F
2-2: Fielders Choice at 2nd, 6-4 (Groundball, 6, EV 86.9 MPH)
Bottom of the 2nd over - 0 runs, 2 hits, 0 errors, 2 left on base; Wymore 0 - Higginsville 0
TOP OF THE 3RD
Wymore Chinooks batting - Pitching for Higginsville Brawlers : RHP Jean Pinto
Batting: LHB Drew Mendoza 0-0: Swinging Strike
0-1: Ball
1-1: Called Strike
1-2: Ball
2-2: Strikes out swinging
Batting: RHB Thomas Saggese 0-0: Called Strike
0-1: SINGLE (Line Drive, 34D, EV 100.6 MPH)
Batting: SHB Ian Lewis 0-0: Called Strike
0-1: SINGLE (Groundball, 34D, EV 95.6 MPH)
Thomas Saggese to second
Runner from 2nd tries for 3rd, SAFE, throw by RF made to third
Batting: LHB Cooper Kinney 0-0: SINGLE (Line Drive, 7S, EV 104.4 MPH)
Thomas Saggese scores
Ian Lewis to second
Batting: LHB Nick Schnell 0-0: Ball
1-0: Swinging Strike
1-1: Ball
2-1: Called Strike
2-2: Strikes out swinging
Batting: RHB Eduardo Garcia 0-0: Ball
1-0: Ball
2-0: Called Strike
2-1: Foul Ball, location: 2F
2-2: Strikes out looking
Top of the 3rd over - 1 run, 3 hits, 0 errors, 2 left on base; Wymore 1 - Higginsville 0
BOTTOM OF THE 3RD
Higginsville Brawlers batting - Pitching for Wymore Chinooks : RHP Logan Hofmann
Batting: SHB Glenallen Hill Jr. 0-0: Called Strike
0-1: Called Strike
0-2: Ball
1-2: Ball
2-2: Fly out, F8 (Flyball, 89D, EV 88.8 MPH)
Batting: RHB Jimmy Glowenke 0-0: Foul Ball, location: 2F
0-1: Foul Ball, location: 2F
0-2: Ball
1-2: SINGLE (Line Drive, 89S, EV 104.4 MPH)
Batting: RHB Kendall Simmons 0-0: Ball
1-0: Ball
2-0: Fly out, F3 (Popup, 34S, EV 78.1 MPH)
Batting: RHB Tanner Schobel 0-0: Called Strike
0-1: Ball
1-1: Ball
2-1: Foul Ball, location: 2F
2-2: Foul Ball, location: 2F
2-2: Ball
3-2: Ground out 1-3 (Groundball, 25, EV 71.9 MPH)
Bottom of the 3rd over - 0 runs, 1 hit, 0 errors, 1 left on base; Wymore 1 - Higginsville 0
TOP OF THE 4TH
Wymore Chinooks batting - Pitching for Higginsville Brawlers : RHP Jean Pinto
Batting: LHB Tyler Callihan 0-0: Fly out, F9 (Flyball, 89D, EV 91.9 MPH)
Batting: SHB Tanner Dodson 0-0: Ball
1-0: Ball
2-0: Called Strike
2-1: Foul Ball, location: 2F
2-2: Ball
3-2: SINGLE (Groundball, 34D, EV 104.4 MPH)
Batting: RHB Kingston Liniak 0-0: Ball
1-0: Ball
2-0: Ball
3-0: Base on Balls
Tanner Dodson to second
Batting: LHB Drew Mendoza 0-0: Ball
1-0: Ball
2-0: Foul Ball, location: 2F
2-1: Ball
3-1: Base on Balls
Tanner Dodson to third
Kingston Liniak to second
Batting: RHB Thomas Saggese 0-0: Ball
1-0: Foul Ball, location: 2F
1-1: Foul Ball, location: 2F
1-2: Fly out, F7 (Flyball, 7S, EV 94.4 MPH)
Batting: SHB Ian Lewis 0-0: Foul Ball, location: 2F
0-1: Called Strike
0-2: Foul Ball, location: 2F
0-2: SINGLE (Flyball, 78S, EV 96.2 MPH)
Tanner Dodson scores
Kingston Liniak to third
Drew Mendoza to second
Throwing error, E7
Kingston Liniak scores
Drew Mendoza to third
Ian Lewis to second
Batting: LHB Cooper Kinney 0-0: Called Strike
0-1: SINGLE (Flyball, 7LS, EV 93.8 MPH)
Drew Mendoza scores
Ian Lewis to third
Runner from 3rd tries for Home, SAFE, throw by LF to home
Pitching: RHP Eduar Segovia
Batting: LHB Nick Schnell 0-0: Called Strike
0-1: SINGLE (Groundball, 3, EV 101.2 MPH) (infield hit)
Cooper Kinney to second
Batting: RHB Eduardo Garcia 0-0: Called Strike
0-1: Ball
1-1: Ball
2-1: 3-RUN HOME RUN (Flyball, 7LD, EV 93.8 MPH), Distance : 336 ft
Batting: LHB Tyler Callihan 0-0: Ball
1-0: Ball
2-0: Ball
3-0: Base on Balls
Batting: SHB Tanner Dodson 0-0: Ball
1-0: Foul Ball, location: 2F
1-1: Called Strike
1-2: SINGLE (Line Drive, 3D, EV 98.8 MPH)
Tyler Callihan to second
Runner from 2nd tries for 3rd, SAFE, no throw by RF
Batting: RHB Kingston Liniak 0-0: Ball
1-0: Called Strike
1-1: Ball
2-1: Foul Ball, location: 2F
2-2: Ball
3-2: Base on Balls
Tanner Dodson to second
Batting: LHB Drew Mendoza 0-0: Ball
1-0: Ball
2-0: Swinging Strike
2-1: Ball
3-1: Base on Balls
Tyler Callihan scores
Tanner Dodson to third
Kingston Liniak to second
Pitching: LHP Estalin Ortiz
Batting: RHB Thomas Saggese 0-0: Ball
1-0: Ball
2-0: Called Strike
2-1: Ball
3-1: Base on Balls
Tanner Dodson scores
Kingston Liniak to third
Drew Mendoza to second
Batting: SHB Ian Lewis 0-0: Ball
1-0: Swinging Strike
1-1: Called Strike
1-2: Ball
2-2: Ball
3-2: Foul Ball, location: 2F
3-2: Foul Ball, location: 2F
3-2: Base on Balls
Kingston Liniak scores
Drew Mendoza to third
Thomas Saggese to second
Batting: LHB Cooper Kinney 0-0: Ball
1-0: Called Strike
1-1: Foul Ball, location: 2F
1-2: Strikes out swinging
Top of the 4th over - 10 runs, 6 hits, 1 error, 3 left on base; Wymore 11 - Higginsville 0
BOTTOM OF THE 4TH
Higginsville Brawlers batting - Pitching for Wymore Chinooks : RHP Logan Hofmann
Batting: LHB Dalton Rushing 0-0: Ball
1-0: Ball
2-0: Ball
3-0: Called Strike
3-1: Base on Balls
Batting: RHB Nicholas Northcut 0-0: Fly out, F8 (Flyball, 8LXD, EV 103.1 MPH)
Batting: RHB Cade Horton 0-0: Called Strike
0-1: Foul Ball, location: 2F
0-2: Ball
1-2: Ball
2-2: SINGLE (Groundball, 4M, EV 95.6 MPH) (infield hit)
Dalton Rushing to second
Batting: RHB Jacob Buchberger 0-0: Foul Ball, location: 2F
0-1: Ball
1-1: Ball
2-1: Ball
3-1: SINGLE (Line Drive, 78S, EV 98.8 MPH)
Dalton Rushing to third
Cade Horton to second
Runner from 3rd tries for Home, SAFE, throw by CF to home
Batting: RHB Rothaikeg Seijas 0-0: Ball
1-0: Called Strike
1-1: Ball
2-1: Ball
3-1: DOUBLE (Line Drive, 9LS, EV 101.2 MPH)
Cade Horton scores
Jacob Buchberger to third
Runner from 3rd tries for Home, SAFE, throw by RF to home
Batting: SHB Glenallen Hill Jr. 0-0: Ball
1-0: Ball
2-0: Fly out, F9 (Flyball, 9D, EV 85.0 MPH)
Runner from 2nd tags up, SAFE at 3rd, no throw by RF
Batting: RHB Jimmy Glowenke 0-0: Called Strike
0-1: Ball
1-1: Foul Ball, location: 2F
1-2: Ball
2-2: Ball
3-2: Foul Ball, location: 2F
3-2: Ground out 6-3 (Groundball, 6, EV 85.0 MPH)
Bottom of the 4th over - 3 runs, 3 hits, 0 errors, 1 left on base; Wymore 11 - Higginsville 3
TOP OF THE 5TH
Wymore Chinooks batting - Pitching for Higginsville Brawlers : LHP Estalin Ortiz
Batting: LHB Nick Schnell 0-0: Ball
1-0: Ball
2-0: Ball
3-0: Base on Balls
Batting: RHB Eduardo Garcia 0-0: Ball
1-0: Called Strike
1-1: Grounds into double play, 6-4-3 (Groundball, 6, EV 96.9 MPH)
Batting: LHB Tyler Callihan 0-0: Called Strike
0-1: Ball
1-1: Ball
2-1: Called Strike
2-2: Ball
3-2: SOLO HOME RUN (Flyball, 78XD, EV 107.5 MPH), Distance : 415 ft
Batting: SHB Tanner Dodson 0-0: Foul Ball, location: 2F
0-1: Ball
1-1: Called Strike
1-2: Strikes out looking
Top of the 5th over - 1 run, 1 hit, 0 errors, 0 left on base; Wymore 12 - Higginsville 3
BOTTOM OF THE 5TH
Higginsville Brawlers batting - Pitching for Wymore Chinooks : RHP Logan Hofmann
Pitching: RHP Kevin Milam
Batting: RHB Kendall Simmons 0-0: Called Strike
0-1: SINGLE (Groundball, 34D, EV 95.0 MPH)
Batting: RHB Tanner Schobel 0-0: Ball
1-0: SINGLE (Groundball, 6D, EV 104.4 MPH)
Kendall Simmons to second
Batting: LHB Dalton Rushing 0-0: Ball
1-0: Swinging Strike
1-1: Ball
2-1: Foul Ball, location: 2F
2-2: Ball
3-2: Base on Balls
Kendall Simmons to third
Tanner Schobel to second
Batting: RHB Nicholas Northcut 0-0: Swinging Strike
0-1: Ball
1-1: Swinging Strike
1-2: Ball
2-2: Foul Ball, location: 2F
2-2: Foul Ball, location: 2F
2-2: Foul Ball, location: 2F
2-2: Fly out, F7 (Flyball, 78S, EV 88.1 MPH)
Batting: RHB Cade Horton 0-0: Ball
1-0: Foul Ball, location: 2F
1-1: Foul Ball, location: 2F
1-2: Ball
2-2: Ball
3-2: Fly out, F9 (Flyball, 9, EV 88.1 MPH)
Runner from 3rd tags up, SCORES, throw by RF
Tanner Schobel to third
Batting: RHB Jacob Buchberger 0-0: Fielders Choice at 2nd, 6-4 (Groundball, 6, EV 108.1 MPH)
Bottom of the 5th over - 1 run, 2 hits, 0 errors, 2 left on base; Wymore 12 - Higginsville 4
TOP OF THE 6TH
Wymore Chinooks batting - Pitching for Higginsville Brawlers : LHP Estalin Ortiz
Batting: RHB Kingston Liniak 0-0: Ball
1-0: Foul Ball, location: 2F
1-1: Ground out 6-3 (Groundball, 6, EV 102.5 MPH)
Batting: LHB Drew Mendoza 0-0: Called Strike
0-1: Ball
1-1: Ball
2-1: Ball
3-1: Base on Balls
Batting: RHB Thomas Saggese 0-0: Ball
1-0: Swinging Strike
1-1: Ball
2-1: Fly out, F4 (Popup, 4M, EV 70.0 MPH)
Batting: SHB Ian Lewis 0-0: Ball
1-0: Ball
2-0: Ball
3-0: Called Strike
3-1: Base on Balls
Drew Mendoza to second
Batting: LHB Cooper Kinney 0-0: Ball
1-0: Ball
2-0: Ball
3-0: Base on Balls
Drew Mendoza to third
Ian Lewis to second
Batting: LHB Nick Schnell 0-0: Ground out 4-3 (Groundball, 4, EV 85.6 MPH)
Top of the 6th over - 0 runs, 0 hits, 0 errors, 3 left on base; Wymore 12 - Higginsville 4
BOTTOM OF THE 6TH
Higginsville Brawlers batting - Pitching for Wymore Chinooks : RHP Kevin Milam
Batting: RHB Rothaikeg Seijas 0-0: Ball
1-0: Ball
2-0: Ball
3-0: Called Strike
3-1: Base on Balls
Batting: SHB Glenallen Hill Jr. 0-0: Foul Ball, location: 2F
0-1: Ball
1-1: Swinging Strike
1-2: Ball
2-2: Fly out, F7 (Flyball, 7LMF, EV 86.2 MPH)
Batting: RHB Jimmy Glowenke 0-0: Foul Ball, location: 2F
0-1: Fly out, F2 (Popup, 2LF, EV 87.5 MPH)
Batting: RHB Kendall Simmons 0-0: Ball
1-0: Called Strike
1-1: Ball
2-1: Ball
3-1: Base on Balls
Rothaikeg Seijas to second
Batting: RHB Tanner Schobel 0-0: Ball
1-0: Called Strike
1-1: SINGLE (Flyball, 6D, EV 88.8 MPH)
Rothaikeg Seijas to third
Kendall Simmons to second
Pitching: LHP Yoan Aybar
Batting: LHB Dalton Rushing 0-0: Called Strike
0-1: Foul Ball, location: 2F
0-2: Foul Ball, location: 2F
0-2: Strikes out swinging
Bottom of the 6th over - 0 runs, 1 hit, 0 errors, 3 left on base; Wymore 12 - Higginsville 4
TOP OF THE 7TH
Wymore Chinooks batting - Pitching for Higginsville Brawlers : LHP Estalin Ortiz
Pitching: RHP Joander Suarez
Batting: RHB Eduardo Garcia 0-0: Called Strike
0-1: Ball
1-1: Swinging Strike
1-2: Foul Ball, location: 2F
1-2: Ball
2-2: Foul Ball, location: 2F
2-2: Strikes out swinging
Batting: LHB Tyler Callihan 0-0: Called Strike
0-1: Ball
1-1: SINGLE (Line Drive, 34D, EV 100.6 MPH)
Batting: SHB Tanner Dodson 0-0: Ball
1-0: Swinging Strike
Passed Ball!
Tyler Callihan to second
1-1: Foul Ball, location: 2F
1-2: Strikes out swinging
Batting: RHB Kingston Liniak 0-0: Foul Ball, location: 2F
0-1: SINGLE (Line Drive, 34D, EV 99.4 MPH)
Tyler Callihan to third
Runner from 3rd tries for Home, SAFE, throw by RF to home
Batting: LHB Drew Mendoza 0-0: Foul Ball, location: 2F
0-1: Swinging Strike
0-2: Foul Ball, location: 2F
0-2: Strikes out swinging
Top of the 7th over - 1 run, 2 hits, 0 errors, 1 left on base; Wymore 13 - Higginsville 4
BOTTOM OF THE 7TH
Higginsville Brawlers batting - Pitching for Wymore Chinooks : LHP Yoan Aybar
Batting: RHB Nicholas Northcut 0-0: Fly out, F9 (Flyball, 9D, EV 101.2 MPH)
Batting: RHB Cade Horton 0-0: Ball
1-0: Foul Ball, location: 2F
1-1: Ball
2-1: Foul Ball, location: 2F
2-2: Fly out, F9 (Line Drive, 9, EV 101.9 MPH)
Batting: RHB Jacob Buchberger 0-0: Called Strike
0-1: Foul Ball, location: 2F
0-2: Fly out, F8 (Flyball, 89XD, EV 106.9 MPH)
Bottom of the 7th over - 0 runs, 0 hits, 0 errors, 0 left on base; Wymore 13 - Higginsville 4
TOP OF THE 8TH
Wymore Chinooks batting - Pitching for Higginsville Brawlers : RHP Joander Suarez
Batting: RHB Thomas Saggese 0-0: Ball
1-0: Ball
2-0: Foul Ball, location: 2F
2-1: Foul Ball, location: 2F
2-2: Fly out, F3 (Line Drive, 3, EV 70.6 MPH)
Batting: SHB Ian Lewis 0-0: Called Strike
0-1: Ball
1-1: Ball
2-1: Fly out, F4 (Popup, 4MD, EV 55.0 MPH)
Batting: LHB Cooper Kinney 0-0: SINGLE (Line Drive, 56D, EV 96.9 MPH)
Batting: LHB Nick Schnell 0-0: Called Strike
0-1: Ball
1-1: SINGLE (Groundball, 4MD, EV 97.5 MPH)
Cooper Kinney to second
Runner from 2nd tries for 3rd, OUT! 8-5
Top of the 8th over - 0 runs, 2 hits, 0 errors, 1 left on base; Wymore 13 - Higginsville 4
BOTTOM OF THE 8TH
Higginsville Brawlers batting - Pitching for Wymore Chinooks : LHP Yoan Aybar
Batting: RHB Rothaikeg Seijas 0-0: Called Strike
0-1: Called Strike
0-2: Strikes out swinging
Batting: SHB Glenallen Hill Jr. 0-0: Ball
1-0: Foul Ball, location: 2F
1-1: Ball
2-1: Ball
3-1: Base on Balls
Batting: RHB Jimmy Glowenke 0-0: Foul Ball, location: 2F
0-1: Foul Ball, location: 2F
0-2: Foul Ball, location: 2F
0-2: Foul Ball, location: 2F
0-2: Ball
1-2: Ball
2-2: SINGLE (Line Drive, 6MD, EV 95.0 MPH)
Glenallen Hill Jr. to second
Batting: RHB Kendall Simmons 0-0: Called Strike
0-1: Ball
1-1: SINGLE (Groundball, 56D, EV 105.6 MPH)
Glenallen Hill Jr. to third
Jimmy Glowenke to second
Batting: RHB Tanner Schobel 0-0: Called Strike
0-1: Ball
1-1: Ball
2-1: Ball
3-1: Called Strike
3-2: SINGLE (Line Drive, 5D, EV 108.8 MPH)
Glenallen Hill Jr. scores
Jimmy Glowenke to third
Kendall Simmons to second
Batting: LHB Dalton Rushing 0-0: Called Strike
0-1: Foul Ball, location: 2F
0-2: Ball
1-2: Foul Ball, location: 2F
1-2: Foul Ball, location: 2F
1-2: Ball
2-2: Ball
3-2: Foul Ball, location: 2F
3-2: Foul Ball, location: 2F
3-2: Base on Balls
Jimmy Glowenke scores
Kendall Simmons to third
Tanner Schobel to second
Batting: RHB Nicholas Northcut 0-0: Swinging Strike
0-1: Foul Ball, location: 2F
0-2: Ball
1-2: Grounds into double play, 6-4-3 (Groundball, 6, EV 98.1 MPH)
Bottom of the 8th over - 2 runs, 3 hits, 0 errors, 2 left on base; Wymore 13 - Higginsville 6
TOP OF THE 9TH
Wymore Chinooks batting - Pitching for Higginsville Brawlers : RHP Joander Suarez
Batting: RHB Eduardo Garcia 0-0: Foul Ball, location: 2F
0-1: Called Strike
0-2: Ball
1-2: Foul Ball, location: 2F
1-2: Ball
2-2: Strikes out swinging
Batting: LHB Tyler Callihan 0-0: Ball
1-0: Foul Ball, location: 2F
1-1: Foul Ball, location: 2F
1-2: Ball
2-2: Strikes out swinging
Batting: SHB Tanner Dodson 0-0: Ball
1-0: SINGLE (Groundball, 4MD, EV 96.9 MPH)
Batting: RHB Kingston Liniak 0-0: Ball
1-0: Ball
Tanner Dodson steals 2nd base
2-0: Ball
3-0: Called Strike
3-1: Base on Balls
Batting: LHB Drew Mendoza 0-0: Foul Ball, location: 2F
0-1: Ball
1-1: Swinging Strike
1-2: Strikes out swinging
Top of the 9th over - 0 runs, 1 hit, 0 errors, 2 left on base; Wymore 13 - Higginsville 6
BOTTOM OF THE 9TH
Higginsville Brawlers batting - Pitching for Wymore Chinooks : LHP Yoan Aybar
Batting: RHB Cade Horton 0-0: Called Strike
0-1: Foul Ball, location: 2F
0-2: Ball
1-2: Strikes out swinging
Batting: RHB Jacob Buchberger 0-0: Ball
1-0: Ball
2-0: Ball
3-0: Base on Balls
Pitching: RHP Reid Schaller
Batting: RHB Rothaikeg Seijas 0-0: Foul Ball, location: 2F
0-1: Swinging Strike
0-2: Ball
1-2: Foul Ball, location: 2F
1-2: Foul Ball, location: 2F
1-2: Ball
2-2: Ball
3-2: Base on Balls
Jacob Buchberger to second
Pinch Hitting: RHB Ernie Clement 0-0: Called Strike
0-1: Foul Ball, location: 2F
0-2: Foul Ball, location: 2F
0-2: Foul Ball, location: 2F
0-2: Grounds into double play, 5-4-3 (Groundball, 56S, EV 78.8 MPH)
Bottom of the 9th over - 0 runs, 0 hits, 0 errors, 1 left on base; Wymore 13 - Higginsville 6
Friday, July 28th , 2023 - OOTP Baseball 23.10 Build 110